 Dungeon Crawl Stone Soup version 0.19.5 (webtiles) character file.

1354 QuCean the Ruffian (level 8, -1/117 HPs)
             Began as a Troll Monk on May 3, 2017.
             Slain by a killer bee (2 damage)
             ... on level 9 of the Dungeon.
             The game lasted 00:16:51 (2114 turns).

QuCean the Ruffian (Troll Monk)                     Turns: 2114, Time: 00:16:52

Health: -1/117     AC: 24    Str: 22    XL:     8   Next: 37%
Magic:  7/7        EV:  1    Int:  6    God:
Gold:   203        SH:  0    Dex: 12    Spells: 0 memorised, 7 levels left

rFire  . . .     SeeInvis .     d - +7 rapier "Joimpo Qotwi" {speed, Stlth+}
rCold  + . .     Gourm    +     (armour currently unavailable)
rNeg   + + +     Faith    .     (no shield)
rPois  +         Spirit   .     (helmet currently unavailable)
rElec  .         Reflect  .     (cloak currently unavailable)
rCorr  .         Harm     .     (gloves unavailable)
MR     .....     NoTele   +     (boots unavailable)
Stlth  +++.......               (no amulet)
                                i - ring of protection from cold
                                c - +3 ring of evasion

@: lethally poisoned (-1 -> -9), tree-form
A: unfitting armour, (claws 0), fast metabolism 3, gourmand, regeneration 1,
(shaggy fur 0), (tough skin 0)
a: no special abilities


You were on level 9 of the Dungeon.
You were not hungry.
You were a tree.
You visited 2 branches of the dungeon, and saw 10 of its levels.

You collected 203 gold pieces.

Inventory:

Hand Weapons
 d - the +7 rapier "Joimpo Qotwi" (weapon) {speed, Stlth+}
   (You found it on level 5 of the Dungeon)

   Attacks with this weapon are significantly faster.
   It makes you more stealthy.
 n - a cursed -1 spear
Armour
 a - a +0 robe (melded)
Jewellery
 c - a +3 ring of evasion (left branch)
 i - a ring of protection from cold (right branch)
Scrolls
 e - 6 scrolls of fog
 h - a scroll of random uselessness
 l - a scroll of remove curse
 o - a scroll of blinking {unknown}
 r - a scroll of silence {unknown}
 t - a scroll of vulnerability {unknown}
Potions
 f - 2 potions of lignification
 k - a potion of heal wounds {unknown}
 m - a potion of ambrosia {unknown}
Books
 s - a book of Callings

   Spells                             Type                      Level
   a - Summon Small Mammal            Summoning                    1
   b - Call Imp                       Summoning                    2
   c - Call Canine Familiar           Summoning                    3
   d - Summon Guardian Golem          Hexes/Summoning              3
   e - Summon Lightning Spire         Summoning/Air                4
   f - Summon Ice Beast               Ice/Summoning                4
Comestibles
 b - 3 bread rations
 p - a slice of pizza
 q - 2 meat rations


   Skills:
 + Level 3.9 Fighting
 * Level 5.0 Short Blades
 + Level 4.4 Dodging
 + Level 2.1 Stealth
 - Level 5.4 Unarmed Combat


You had 7 spell levels left.
You didn't know any spells.

Dungeon Overview and Level Annotations

Branches:
Dungeon (9/15)               Lair (1/6) D:9
 Temple: D:4-7          Orc: D:9-12

Altars:
Zin


Innate Abilities, Weirdness & Mutations

You are too large for most types of armour.
((You have claws for hands.))
Your metabolism is lightning-fast.
You like to eat raw meat.
Your natural rate of healing is unusually fast.
((You are covered in fur. (AC +1)))
((You have very tough skin. (AC +2)))


Message History

The killer bee stings you.
* * * LOW HITPOINT WARNING * * *
You are poisoned.
The killer bee poisons you! The killer bee stings you.
* * * LOW HITPOINT WARNING * * *
You are more poisoned.
The killer bee poisons you! The killer bee stings you!
* * * LOW HITPOINT WARNING * * *
You are more poisoned.
The killer bee poisons you!
You turn into a tree.
Your +0 robe melds into your body.
Your roots penetrate the ground.
You feel strangely stable.
* * * LOW HITPOINT WARNING * * *
You feel sick.
The killer bee stings you but does no damage. x2
The killer bee stings you.
* * * LOW HITPOINT WARNING * * *
The killer bee stings you but does no damage. x2
The killer bee stings you.
You die...

#..##..##..##....#.##########y.
#......'.........'.............
#......#...##...####'####..##..
#......#...##...##.....##..##..
#......#...................#...
#......#...................#...
#......#...................'...
#..##'###..##.yy####..####'####
#..##..##..##.♣y####'####..##
#..##......#...y......#.....#
#....(.....#..........#.....#
#...#..##..#..........#.....#
#...#####..#........<.#.....# .
### ...##....###.#########.
#...##....###.# #.
##..##........# ####.........#


You could see 4 killer bees.

Vanquished Creatures
  A spiny frog (Lair:1)
  The ghost of letownia the Insei, an amateur OpTm (D:5)
  A sky beast (D:8)
  An orc warrior (D:8)
  2 ice beasts (D:5)
  A phantom (D:5)
  A scorpion (D:7)
  2 killer bees (D:9)
  A bullfrog zombie (D:4)
  A crimson imp (D:5)
  A hound (D:5)
  A jelly (D:9)
  An orc wizard (D:7)
  A worker ant (D:5)
  2 worker ant zombies
  2 gnolls (D:5)
  An adder (D:4)
  A shadow imp (D:5)
  A worm (D:2)
  A dart slug (D:1)
  4 orcs
  A ball python (D:2)
  3 giant cockroaches
  3 goblins
  2 hobgoblins (D:1)
  A bat (D:1)
  2 kobolds (D:1)
  A leopard gecko zombie (D:4)
  4 rats
45 creatures vanquished.

Notes
Turn   | Place    | Note
-------+----------+-------------------------------------------
     0 | D:1      | QuCean the Troll Monk began the quest for the Orb.
     0 | D:1      | Reached XP level 1. HP: 22/22 MP: 0/0
   226 | D:1      | Reached XP level 2. HP: 29/29 MP: 1/1
   503 | D:3      | Found a glowing silver altar of Zin.
   540 | D:4      | Reached XP level 3. HP: 34/36 MP: 2/2
   556 | D:4      | Reached XP level 4. HP: 32/44 MP: 3/3
   590 | D:5      | Entered Level 5 of the Dungeon
   600 | D:5      | Noticed a phantom
   655 | D:5      | Killed a phantom
   655 | D:5      | Reached XP level 5. HP: 51/52 MP: 4/4
   756 | D:5      | Got a crystal rapier
   766 | D:5      | Noticed letownia's ghost (amateur OpTm)
   779 | D:5      | Killed letownia's ghost
   779 | D:5      | Reached skill level 5 in Unarmed Combat
   779 | D:5      | Reached XP level 6. HP: 42/61 MP: 5/5
   805 | D:5      | Identified the +7 rapier "Joimpo Qotwi" {speed, Stlth+} (You found it on level 5 of the Dungeon)
   841 | D:5      | Noticed an ice beast
   865 | D:5      | Killed an ice beast
   865 | D:5      | Reached skill level 1 in Short Blades
   876 | D:5      | Reached XP level 7. HP: 65/67 MP: 6/6
  1637 | D:9      | Found a staircase to the Lair.
  1662 | Lair:1   | Entered Level 1 of the Lair of Beasts
  1662 | Lair:1   | Noticed a spiny frog
  1676 | Lair:1   | Killed a spiny frog
  1676 | Lair:1   | Reached XP level 8. HP: 26/78 MP: 7/7
  2107 | D:9      | Reached skill level 5 in Short Blades
  2113 | D:9      | HP: 3/78 [killer bee (9)]
  2114 | D:9      | HP: 1/117 [killer bee (2)]
  2114 | D:9      | Slain by a killer bee

Skill      XL: |  1  2  3  4  5  6  7  8 |
---------------+-------------------------+-----
Dodging        | 3 4 |  4.4
Unarmed Combat | 4 5 |  5.4
Fighting       | 3 |  3.9
Short Blades   | 1 4 5 |  5.0
Stealth        | 2 |  2.1

Action                   |  1- 3 |  4- 6 |  7- 9 || total
-------------------------+-------+-------+-------++-------
Melee: Unarmed           |    67 |    47 |       ||   114
       Punch             |     1 |     1 |     3 ||     5
       Rapier            |       |    21 |    77 ||    98
  Use: Scroll            |     4 |       |     4 ||     8
       Potion            |       |       |     2 ||     2
 Stab: Sleeping          |     1 |     1 |     1 ||     3
  Eat: Chunk             |     2 |     1 |       ||     3
       Meat ration       |       |     1 |       ||     1
       Bread ration      |       |       |     2 ||     2
Armor: Robe              |    36 |     9 |    12 ||    57
       Skin              |       |       |     4 ||     4
Dodge: Dodged            |    71 |    28 |    47 ||   146
